 Dungeon Crawl Stone Soup version 0.28-a0-631-g0446da8ef9 (webtiles) character file.

Game seed: 1830501729654848826

1386 helsbecter the Gouger (level 8, 37/37 HPs)
             Began as a Felid Berserker on Oct 9, 2021.
             Was a Priest of Trog.
             Quit the game on level 7 of the Dungeon.
             The game lasted 00:21:52 (8858 turns).

helsbecter the Gouger (Felid Berserker)             Turns: 8858, Time: 00:21:52

Health: 37/37      AC:  2    Str: 16    XL:     8   Next: 40%
Magic:  9/9        EV: 21    Int:  8    God:    Trog [***...]
Gold:   391        SH:  0    Dex: 16    Spells: 7/7 levels left
                                        Lives:  1   Deaths: 1

rFire   . . .      SeeInvis +     - Unarmed
rCold   . . .      Faith    .   (shield unavailable)
rNeg    . . .      Spirit   .   (armour unavailable)
rPois   .          Reflect  .   (helmet unavailable)
rElec   .          Harm     .   (cloak unavailable)
rCorr   .          Rampage  .   (gloves unavailable)
Will    +....                   (boots unavailable)
Stlth   ++++......              i - amulet of the acrobat
HPRegen 0.12/turn               (no ring)
MPRegen 0.11/turn               (no ring)

@: quick
A: very small, claws 1, fangs 3, see invisible, speed 1, shaggy fur 2, stealthy
paws, no weapons or thrown items, no armour, multi-lived
a: Renounce Religion, Berserk, Trog's Hand


You were on level 7 of the Dungeon.
You worshipped Trog.
Trog was most pleased with you.
You visited 1 branch of the dungeon, and saw 7 of its levels.
You also visited: Sewer.

You collected 411 gold pieces.
You spent 20 gold pieces at shops.

Inventory:

Jewellery
 i - an amulet of the acrobat (around neck)
Wands
 f - a wand of paralysis (13)
 h - a wand of flame (19)
Scrolls
 a - 2 scrolls of silence
 b - 2 scrolls of teleportation {unknown}
 e - 4 scrolls of noise {unknown}
 k - a scroll of blinking {unknown}
 l - 2 scrolls of torment {unknown}
 o - a scroll of magic mapping {unknown}
 p - 3 scrolls of summoning {unknown}
 s - a scroll of brand weapon {unknown}
 t - a scroll of holy word {unknown}
 u - a scroll of fear {unknown}
 v - a scroll of immolation {unknown}
 w - a scroll of enchant weapon {unknown}
Potions
 c - 3 potions of curing
 d - a potion of might
 g - 2 potions of haste
 j - 4 potions of invisibility
 m - a potion of resistance {unknown}
 n - 3 potions of heal wounds {unknown}
 q - 2 potions of magic {unknown}
 r - a potion of cancellation {unknown}


   Skills:
 + Level 5.4 Fighting
 + Level 7.2 Dodging
 + Level 7.6 Stealth
 * Level 10.3 Unarmed Combat


You had 7 spell levels left.
You didn't know any spells.
Your spell library was empty.

Dungeon Overview and Level Annotations

Branches:
Dungeon (7/15)             Temple (0/1) D:5           Sewer (visited)

Altars:
Fedhas
Gozag
Kikubaaqudgha
Qazlal
Trog
Vehumet
The Shining One

Shops:
D:2 *   D:6 *


Innate Abilities, Weirdness & Mutations

You have sharp claws.
You have razor-sharp teeth.
You have supernaturally acute eyesight. (SInv)
You cover ground quickly. (Speed+)
You are covered in thick fur. (AC +2)
Your paws help you pounce on unaware monsters.
You are incapable of wielding weapons or throwing items.
You cannot wear armour.
You gain extra lives every three experience levels.


Message History

There is an open door here.
You start resting.
HP restored.
The orc wizard shouts!
The orc wizard gestures at you while chanting.
You are confused.
The orc wizard completely misses you.
You're too confused to move!
The killer bee stings you!
You are poisoned.
The killer bee poisons you! The orc wizard barely misses you.
The killer bee completely misses you.
You bump into the rock wall.
You feel sick. The killer bee stings you!
You are more poisoned.
The killer bee poisons you! The orc wizard completely misses you.
The killer bee closely misses you.
You bump into the rock wall.
You feel very sick. The killer bee stings you.
You are lethally poisoned!
The killer bee poisons you! The orc wizard misses you.
The killer bee completely misses you.
You are too confused!
You scratch the killer bee. Your claw misses the killer bee.
Your bite misses the killer bee.
The killer bee is moderately wounded.
You feel very sick. The killer bee closely misses you.
The orc wizard hits you but does no damage.
You bump into the rock wall.
* * * LOW HITPOINT WARNING * * *
You feel very sick. The killer bee stings you.
* * * LOW HITPOINT WARNING * * *
You are more poisoned.
The killer bee poisons you! The killer bee stings you.
You die...
The orc wizard barely misses you.
You are now level 8!
You rejoin the land of the living...
Are you sure you want to abandon this character and quit the game? (Confirm with "yes".)

##..# #...
#..
##..#...
......
#.....
#.....#
###.....##
#........#
#.@...#
#....##
#...##
#..## #.##
#. #. #. #
..


There were no monsters in sight!

Vanquished Creatures
  A two-headed ogre (D:7)
  A komodo dragon (D:6)
  A wraith (D:6)
  Edmund (D:6)
  An orc warrior (D:6)
  2 black bears
  2 necrophages
  A centaur (D:7)
  2 kobold brigands
  A bullfrog (D:7)
  A gnoll sergeant (D:6)
  A water moccasin zombie (D:6)
  2 scorpions (D:6)
  2 killer bees
  A centaur zombie (D:5)
  2 bullfrog zombies (D:5)
  A hound (D:5)
  A centaur skeleton (D:5)
  A jelly (D:6)
  An orc priest (D:6)
  Jessica (D:3)
  4 orc wizards
  A killer bee zombie (D:6)
  Robin (D:2)
  A howler monkey skeleton (D:4)
  2 adders
  4 gnolls
  A shadow imp (D:6)
  An ufetubus (D:4)
  An adder skeleton (D:4)
  2 worms (D:2)
  2 dart slugs
  19 orcs
  9 endoplasms
  6 giant cockroaches
  12 goblins
  5 hobgoblins
  4 jackals (D:4)
  7 quokkas
  6 ball pythons
  5 bats
  4 frilled lizards
  22 kobolds
  9 rats
155 creatures vanquished.

Vanquished Creatures (others)
  A fungus (Sewer)
  A plant (Sewer)
2 creatures vanquished.

Grand Total: 157 creatures vanquished

Notes
Turn   | Place    | Note
-------+----------+-------------------------------------------
     0 | D:1      | helsbecter the Felid Berserker began the quest for the Orb.
     0 | D:1      | Reached XP level 1. HP: 10/10 MP: 2/2
    80 | D:1      | Found a faded altar of an unknown god.
   229 | D:1      | Reached XP level 2. HP: 5/14 MP: 3/3
   902 | D:1      | Reached skill level 4 in Unarmed Combat
  1153 | D:2      | Found Ficergh's General Store.
  1159 | D:2      | Bought a scroll of identify for 20 gold pieces
  1214 | D:2      | Reached ** piety under Trog
  1263 | D:2      | Reached XP level 3. HP: 17/17 MP: 4/4
  1341 | D:2      | Noticed Robin
  1343 | D:2      | Killed Robin
  2377 | D:3      | Found a radiant altar of Vehumet.
  2380 | D:3      | Reached XP level 4. HP: 17/21 MP: 5/5
  2451 | D:3      | Reached skill level 5 in Unarmed Combat
  2698 | D:3      | Noticed Jessica
  2712 | D:3      | Killed Jessica
  3023 | D:3      | Found a blossoming altar of Fedhas.
  3198 | D:3      | Found a bloodstained altar of Trog.
  3667 | D:4      | Reached XP level 5. HP: 14/24 MP: 6/6
  4422 | D:5      | Entered Level 5 of the Dungeon
  4457 | D:5      | Found a glowing drain.
  4478 | Sewer    | Entered a sewer
  4530 | Sewer    | Reached skill level 6 in Unarmed Combat
  4949 | D:5      | Reached *** piety under Trog
  4950 | D:5      | Gained mutation: You are covered in thick fur. (AC +2)
                  | [Felid growth]
  4950 | D:5      | Reached XP level 6. HP: 14/28 MP: 7/7
  5467 | D:5      | Reached skill level 7 in Unarmed Combat
  5564 | D:5      | Found an opulent altar of Gozag.
  5760 | D:5      | Found a staircase to the Ecumenical Temple.
  5842 | D:5      | Reached XP level 7. HP: 31/31 MP: 8/8
  5969 | D:5      | Found a glowing golden altar of the Shining One.
  6042 | D:6      | Noticed a wraith
  6057 | D:6      | Killed a wraith
  6058 | D:6      | Reached skill level 8 in Unarmed Combat
  6333 | D:6      | Reached skill level 5 in Stealth
  6333 | D:6      | Reached XP level 8. HP: 35/35 MP: 9/9
  6562 | D:6      | Noticed Edmund
  6585 | D:6      | Reached skill level 5 in Dodging
  6605 | D:6      | Killed Edmund
  7007 | D:6      | Reached skill level 9 in Unarmed Combat
  7453 | D:6      | Found Hudob's Gadget Gallery.
  7577 | D:6      | HP: 1/36 [poisoned by a killer bee]
  7654 | D:7      | Noticed a komodo dragon
  7699 | D:6      | Killed a komodo dragon
  7983 | D:7      | Found an ancient bone altar of Kikubaaqudgha.
  7986 | D:7      | Noticed a two-headed ogre
  8259 | D:7      | Killed a two-headed ogre
  8260 | D:7      | Reached skill level 5 in Fighting
  8260 | D:7      | Reached skill level 10 in Unarmed Combat
  8260 | D:7      | Reached XP level 9. HP: 33/40 MP: 10/10
  8555 | D:7      | Found a stormy altar of Qazlal.
  8857 | D:7      | Slain by a killer bee
  8858 | D:7      | Reached XP level 8. HP: -1/37 MP: 9/9
  8858 | D:7      | Quit the game

Illustrated notes

Levels and vault maps discovered:
D:1:      heliophobic_arrival_enchanted_forest, layout_basic,
          ebering_ecumenical_altar_abandoned, hangedman_decor_push
D:2:      layout_loops_corners, serial_shops, nicolae_square_shop, uniq_robin
D:3:      layout_loops_ring, nicolae_overflow_hidden_temple, vehumet_crystals,
          old_standard_altar, uniq_jessica
D:4:      layout_loops_ring, minmay_misc_feat_rugged
D:5:      layout_loops_ring, mainiacjoe_overflow_alcove_1,
          mainiacjoe_overflow_small_starburst, minmay_temple_entry_fiery,
          portal_sewer_entry_f, minivault_26
D:6:      layout_basic, nicolae_shop_gadgets, uniq_edmund
D:7:      layout_gridville, kiku_gazebo_pond_becter,
          mainiacjoe_overflow_chevrons, serial_shops, nicolae_square_shop,
          hangedman_abyss_or_decor_stabs, minivault_1, minmay_crossroads

Skill      XL: |  1  2  3  4  5  6  7  8  9 |
---------------+----------------------------+-----
Unarmed Combat | 4 5 6 7 8 10 | 10.3
Stealth        | 3 4 5 7 |  7.6
Dodging        | 6 7 |  7.2
Fighting       | 5 |  5.4

Action                   |  1- 3 |  4- 6 |  7- 9 || total
-------------------------+-------+-------+-------++-------
Melee: Unarmed           |    88 |   180 |   146 ||   414
       Bite              |     7 |    14 |    15 ||    36
       Punch             |     2 |     3 |     8 ||    13
Invok: Berserk           |     3 |     4 |     9 ||    16
       Trog's Hand       |       |     1 |     1 ||     2
Evoke: Wand              |       |       |     5 ||     5
  Use: Scroll            |     2 |     5 |       ||     7
       Potion            |       |       |     1 ||     1
 Stab: Sleeping          |     2 |     8 |     1 ||    11
       Distracted        |     1 |       |     1 ||     2
Armor: Skin              |     3 |     8 |     8 ||    19
Dodge: Dodged            |    38 |   139 |   114 ||   291

Table legend: (Time is in decaauts)
 A = Elapsed time spent in this place.
 B = Non-inter-level travel time spent in this place.
 C = Inter-level travel time spent in this place.
 D = Time resting spent in this place.
 E = Time spent auto-exploring this place.
 F = Levels seen in this place.
 G = Mean time per level.
                   A        B        C        D        E       F      G
               +--------+--------+--------+--------+--------+-----+--------+
         Total |   8072 |   7829 |    243 |   2304 |   4152 |   8 | 1009.0 |
       Dungeon |   7637 |   7394 |    243 |   2107 |   4096 |   7 | 1091.0 |
         Sewer |    434 |    434 |      0 |    196 |     56 |   1 |  434.0 |
               +--------+--------+--------+--------+--------+-----+--------+

Top non-repeatable levels by time:
     D:6: 1973 daAuts
     D:5: 1156 daAuts
     D:3: 1144 daAuts
     D:2: 1007 daAuts
     D:1: 968 daAuts
     D:4: 815 daAuts
     D:7: 571 daAuts
   Sewer: 434 daAuts
